 Dungeon Crawl Stone Soup version 0.28.0 (webtiles) character file.

Game seed: 11417867841256823172

4761 Skogalur the Cleaver (level 10, -2/88 HPs)
             Began as a Minotaur Berserker on Feb 11, 2022.
             Was an Elder of Trog.
             Slain by a nine-headed hydra (7 damage)
             ... on level 8 of the Dungeon.
             The game lasted 00:56:31 (8526 turns).

Skogalur the Cleaver (Minotaur Berserker)           Turns: 8526, Time: 00:56:31

Health: -2/88      AC: 16    Str: 26    XL:     10   Next: 23%
Magic:  9/9        EV: 10    Int:  4    God:    Trog [****..]
Gold:   354        SH:  0    Dex: 12    Spells: 9/9 levels left

rFire   . . .      SeeInvis .   a - +0 hand axe
rCold   . . .      Faith    .   (no shield)
rNeg    . . .      Spirit   .   l - +4 chain mail of Resourcefulness {rCorr Dex+2}
rPois   .          Reflect  .   (helmet restricted)
rElec   .          Harm     .   (no cloak)
rCorr   +          Rampage  .   E - +0 pair of gloves
Will    ++...                   (no boots)
Stlth   ..........              (no amulet)
HPRegen 1.24/turn               t - ring of flight
MPRegen 0.11/turn               (no ring)

@: lethally poisoned (-2 -> -3), strong-willed, flying, regenerating, unable to
read
A: horns 2, retaliatory headbutt, inability to read while threatened
a: Renounce Religion, Berserk, Trog's Hand, Brothers in Arms


You were on level 8 of the Dungeon.
You worshipped Trog.
Trog was greatly pleased with you.
You visited 2 branches of the dungeon, and saw 9 of its levels.

You collected 354 gold pieces.

Inventory:

Hand Weapons
 a - a +0 hand axe (weapon)
 o - a +0 scythe of venom
 s - a +2 short sword of draining
 v - a +1 shortbow of flaming
 y - a +2 shortbow of freezing
 C - a +1 short sword of flaming
 G - a +4 scimitar
 H - a +1 spear of freezing
 J - a +2 vorpal mace
 L - a +1 falchion
Missiles
 c - 277 stones (quivered)
 f - 85 arrows
 k - 82 bolts
 m - 14 boomerangs
 r - 31 poisoned darts
 w - 3 silver javelins
 z - a throwing net
Armour
 b - a +0 animal skin
 d - a +0 robe
 l - the +4 chain mail of Resourcefulness (worn) {rCorr Dex+2}
   (You found it on level 3 of the Dungeon)

   Dex:       It affects your dexterity (+2).
   rCorr:     It protects you from acid and corrosion.
 p - a +2 robe of willpower
 A - a +2 scale mail of willpower
 E - a +0 pair of gloves (worn)
 I - a +0 ring mail of cold resistance
Magical Staves
 j - a staff of poison
 n - a staff of death
Jewellery
 t - a ring of flight (left hand)
Wands
 q - a wand of mindburst (6)
Scrolls
 e - a scroll of vulnerability
 g - 4 scrolls of fog
 h - 2 scrolls of teleportation
 u - 2 scrolls of immolation {unknown}
 x - 2 scrolls of fear {unknown}
 B - a scroll of summoning
 D - 2 scrolls of noise
Potions
 i - a potion of flight
 F - a potion of cancellation
 K - a potion of heal wounds {unknown}


   Skills:
 + Level 7.8 Fighting
 * Level 13.4 Axes
 + Level 8.9 Armour
 + Level 4.8 Dodging
 + Level 2.1 Stealth


You had 9 spell levels left.
You didn't know any spells.
Your spell library contained the following spells:

 Spells                   Type           Power      Damage    Failure   Level
 Beastly Appendage        Tmut           0%         N/A       96%         1
 Scorch                   Fire           0%         2d5       99%         2
 Wereblood                Tmut           0%         N/A       99%         2
 Spider Form              Tmut/Pois      0%         N/A       100%        3
 Flame Wave               Conj/Fire      0%         2d4       100%        4
 Summon Cactus Giant      Summ           0%         N/A       100%        6


Dungeon Overview and Level Annotations

Branches:
Dungeon (8/15)             Temple (1/1) D:6
   Lair: D:8-11

Altars:
Ashenzari
Dithmenos
Elyvilon
Fedhas
Gozag
Hepliaklqana
Kikubaaqudgha
Makhleb
Nemelex Xobeh
Okawaru
Qazlal
Ru
Sif Muna
Trog
Uskayaw
Vehumet
Wu Jian
Xom
Yredelemnul
Zin
The Shining One

Shops:
D:3 [   D:4 *

Portals:
Bailey: D:7

Annotations:
D:3 2 transporters, Zeus21348's ghost, amateur HOMo


Innate Abilities, Weirdness & Mutations

You have a pair of horns on your head.
You reflexively headbutt those who attack you in melee.
You sometimes lose the ability to read scrolls when taking damage.


Message History

You hit the nine-headed hydra. You headbutt the nine-headed hydra.
The nine-headed hydra is lightly wounded.
You closely miss the bullfrog. The nine-headed hydra bites you!
You feel threatened and lose the ability to read scrolls!
The nine-headed hydra bites you but does no damage.
The nine-headed hydra bites you.
The nine-headed hydra bites you but does no damage.
The nine-headed hydra closely misses you.
The nine-headed hydra bites you! The nine-headed hydra bites you.
The nine-headed hydra bites you!
* * * LOW HITPOINT WARNING * * *
The nine-headed hydra bites you but does no damage.
The bullfrog hits you.
* * * LOW HITPOINT WARNING * * *
Your skin crawls.
You feel strong-willed.
You feel sick.
The bullfrog hits you but does no damage.
A cane toad comes into view.
The nine-headed hydra misses you.
The nine-headed hydra barely misses you.
The nine-headed hydra bites you!
* * * LOW HITPOINT WARNING * * *
The nine-headed hydra bites you but does no damage.
The nine-headed hydra bites you.
* * * LOW HITPOINT WARNING * * *
The nine-headed hydra bites you but does no damage.
The nine-headed hydra closely misses you.
The nine-headed hydra bites you but does no damage. x2
You miss the bullfrog.
The bullfrog is heavily wounded.
You hit the nine-headed hydra but do no damage.
You feel sick.
The bullfrog hits you but does no damage.
The nine-headed hydra barely misses you.
The nine-headed hydra closely misses you.
The nine-headed hydra misses you.
The nine-headed hydra barely misses you.
The nine-headed hydra bites you!
You die...

### .J. ♣♣.c.♣#
.♣.♣. ♣♣...♣ ....
###.### #.FJD@#
♣♣#.♣♣♣F# ... ♣.#
♣♣#.♣♣♣.# #.....#
##############.###
.......)..♣♣♣.♣♣
♣...♣♣♣♣♣.♣♣...♣#
♣.♣.♣ ♣.......#


You could see a nine-headed hydra, a cane toad, a bullfrog and a jelly.

Vanquished Creatures
  A two-headed ogre (D:5)
  A hornet (D:7)
  A slime creature (D:6)
  Sigmund (D:2)
  Eustachio (D:5)
  2 yaks (D:8)
  2 water moccasins
  An ice beast (D:6)
  2 sky beasts
  2 necrophages
  2 centaurs (D:8)
  2 ogres
  A phantom (D:6)
  2 kobold brigands
  4 bullfrogs (D:8)
  A scorpion (D:8)
  2 gnoll sergeants (D:8)
  A water moccasin skeleton (D:6)
  A killer bee (D:7)
  4 wights (D:8)
  A bullfrog zombie (D:6)
  4 centaur zombies
  3 orc priests
  A centaur skeleton (D:7)
  9 jellies
  3 bullfrog skeletons
  A gnoll shaman (D:5)
  2 iguanas
  An orc wizard (D:8)
  Natasha (thrice) (D:3)
  A howler monkey zombie (D:8)
  10 gnolls
  3 adders (D:5)
  2 white imps
  An ufetubus (D:5)
  2 dart slugs (D:3)
  2 worms
  6 orcs
  14 endoplasms
  6 giant cockroaches
  12 goblins
  5 hobgoblins
  4 jackals (D:1)
  15 kobolds
  4 quokkas
  5 ball pythons
  6 bats
  2 frilled lizards
  6 rats
168 creatures vanquished.

Vanquished Creatures (others)
  2 orc wizards (D:3)
  22 fungi
  24 plants (D:8)
48 creatures vanquished.

Grand Total: 216 creatures vanquished

Notes
Turn   | Place    | Note
-------+----------+-------------------------------------------
     0 | D:1      | Skogalur the Minotaur Berserker began the quest for the
                  | Orb.
     0 | D:1      | Reached XP level 1. HP: 19/19 MP: 0/0
   261 | D:1      | Reached XP level 2. HP: 14/27 MP: 1/1
   430 | D:1      | Reached skill level 4 in Axes
  1384 | D:2      | Found a shimmering altar of Xom.
  1407 | D:2      | Reached XP level 3. HP: 29/33 MP: 2/2
  1752 | D:2      | Reached ** piety under Trog
  2141 | D:2      | Noticed Sigmund
  2148 | D:2      | Killed Sigmund
  2149 | D:2      | Reached skill level 6 in Axes
  2149 | D:2      | Reached skill level 1 in Stealth
  2149 | D:2      | Reached XP level 4. HP: 27/41 MP: 3/3
  2149 | D:2      | Reached XP level 5. HP: 31/47 MP: 4/4
  2541 | D:3      | Noticed Natasha
  2641 | D:3      | Killed Natasha
  2733 | D:3      | Found Kusoj's Armour Shoppe.
  2750 | D:3      | Found a shimmering blue altar of Sif Muna.
  2783 | D:3      | Reached XP level 6. HP: 55/55 MP: 5/5
  2792 | D:3      | Identified the +4 chain mail of Resourcefulness {rCorr
                  | Dex+2}
  2919 | D:3      | Noticed Natasha
  2937 | D:3      | Killed Natasha
  3045 | D:3      | Noticed Natasha
  3066 | D:3      | Killed Natasha
  3067 | D:3      | Reached skill level 5 in Fighting
  3106 | D:3      | Found a transporter.
  3187 | D:3      | Found a transporter.
  3189 | D:3      | Noticed Zeus21348's ghost (amateur HOMo)
  3738 | D:4      | Gained mutation: You sometimes lose the ability to read
                  | scrolls when taking damage. [potion of mutation]
  3884 | D:4      | Reached skill level 7 in Axes
  4020 | D:4      | Found Siliasup's Lightly-Used Armoury.
  4612 | D:5      | Entered Level 5 of the Dungeon
  4752 | D:5      | Reached skill level 8 in Axes
  4752 | D:5      | Reached XP level 7. HP: 48/61 MP: 6/6
  5335 | D:5      | Reached XP level 8. HP: 69/69 MP: 7/7
  5428 | D:5      | Noticed a two-headed ogre
  5440 | D:5      | Killed a two-headed ogre
  5441 | D:5      | Reached skill level 9 in Axes
  5570 | D:5      | Reached skill level 10 in Axes
  5780 | D:5      | Noticed Eustachio
  5853 | D:5      | Killed Eustachio
  6143 | D:6      | Noticed a slime creature
  6145 | D:6      | Reached XP level 9. HP: 77/77 MP: 8/8
  6148 | D:6      | Reached *** piety under Trog
  6293 | D:6      | Reached skill level 11 in Axes
  6521 | D:6      | Found a stormy altar of Qazlal.
  6786 | D:6      | Found a sparkling altar of Nemelex Xobeh.
  6788 | D:6      | Found a blossoming altar of Fedhas.
  6837 | D:6      | Found a radiant altar of Vehumet.
  7093 | D:6      | Found a staircase to the Ecumenical Temple.
  7172 | Temple   | Entered the Ecumenical Temple
  7311 | D:7      | Found a flagged portal.
  7535 | D:7      | Reached skill level 12 in Axes
  7754 | D:7      | Reached **** piety under Trog
  8325 | D:8      | Reached XP level 10. HP: 86/86 MP: 9/9
  8397 | D:8      | Reached skill level 13 in Axes
  8517 | D:8      | Noticed an eight-headed hydra
  8525 | D:8      | Noticed a cane toad
  8526 | D:8      | Slain by a nine-headed hydra

Illustrated notes

Levels and vault maps discovered:
D:1:      erik_arrival_orb_chamber, layout_rooms, minmay_hedge_maze
D:2:      minmay_chambers_of_ones, layout_loops_corners, basic_altar,
          amcnicky_mini_pool_small, serial_park_tiny_2, uniq_sigmund
D:3:      kennysheep_the_goblin_king, layout_rooms, led_sif_book,
          gammafunk_ghost_mausoleum, serial_shops,
          nicolae_shop_advertising_works [nicolae_subvault_shop_adworks],
          hangedman_decor_growths, uniq_natasha
D:4:      layout_layer_cave, minmay_shop_damaged, lemuel_old_faithful
D:5:      layout_loops_ring, uniq_eustachio
D:6:      lemuel_slime, layout_basic, nicolae_vehumet_radiance,
          mainiacjoe_overflow_big_doors, marbit_many_paths,
          minmay_temple_entry_proselytizer
D:7:      minmay_the_grid_triangle_9x9_rhombus_full
          [minmay_the_grid_triangle_9x9_corruption,
          minmay_the_grid_triangle_9x9_skeleton,
          minmay_the_grid_triangle_9x9_checkered,
          minmay_the_grid_triangle_9x9_zippers_vertical,
          minmay_the_grid_triangle_9x9_sprig,
          minmay_the_grid_triangle_9x9_sparse_checkered,
          minmay_the_grid_triangle_9x9_semitri,
          minmay_the_grid_triangle_9x9_prize_insulated], layout_loops_ring,
          cheibrodos_worm_habitat, enter_bailey_5, nicolae_wooded_promenade
D:8:      nzn_winding_woodlands_medium [nzn_winding_woodlands_hourglass,
          nzn_winding_woodlands_5x15_cabin, nzn_winding_woodlands_5x5_three,
          nzn_winding_woodlands_5x5_perimeter,
          nzn_winding_woodlands_center_garden, nzn_winding_woodlands_5x5_cross,
          nzn_winding_woodlands_5x5_open_star,
          nzn_winding_woodlands_5x15_concentric,
          nzn_winding_woodlands_5x5_checkerboard], layout_cave_pools,
          grunt_lair_entry_orc_guard_hut
Temple:   lightli_temple_of_artemis

Skill      XL: |  1  2  3  4  5  6  7  8  9 10 |
---------------+-------------------------------+-----
Fighting       | 4 5 6 7 |  7.8
Axes           | 4 6 8 10 12 13 | 13.4
Dodging        | 3 4 |  4.8
Stealth        | 1 2 |  2.1
Armour         | 4 7 8 |  8.9

Action                   |  1- 3 |  4- 6 |  7- 9 | 10-12 || total
-------------------------+-------+-------+-------+-------++-------
Melee: Hand axe          |    68 |   101 |   269 |    63 ||   501
       Headbutt          |     6 |    26 |    65 |    17 ||   114
       Punch             |     1 |     2 |     5 |     1 ||     9
Throw: Stone             |     2 |       |       |       ||     2
Invok: Berserk           |     1 |     1 |     5 |     1 ||     8
       Trog's Hand       |       |       |       |     1 ||     1
  Use: Potion            |     4 |     4 |     3 |       ||    11
       Scroll            |     1 |     6 |     2 |       ||     9
Armor: Animal skin       |    20 |     2 |       |       ||    22
       Robe              |       |     8 |       |       ||     8
       Chain mail        |       |    43 |   117 |    42 ||   202
Dodge: Dodged            |    44 |    57 |   126 |    28 ||   255
